 Dungeon Crawl Stone Soup version 0.21.1-1-g345015f (webtiles) character file.

46 letownia2 the Poker (level 3, -7/28 HPs)
             Began as a Merfolk Skald on Mar 12, 2018.
             Killed by divine providence
             ... invoked by an orc priest
              (10 damage)
             ... on level 3 of the Dungeon.
             The game lasted 00:03:21 (480 turns).

letownia2 the Poker (Merfolk Skald)                  Turns: 480, Time: 00:03:22

Health: -7/28      AC:  3    Str: 11    XL:     3   Next: 68%
Magic:  6/6        EV: 12    Int: 13    God:
Gold:   69         SH:  0    Dex: 13    Spells: 0/6 levels left

rFire    . . .     SeeInvis .   h - +0 short sword (venom)
rCold    . . .     Gourm    .   (no shield)
rNeg     . . .     Faith    .   b - +0 leather armour
rPois    .         Spirit   .   (no helmet)
rElec    .         Reflect  .   (no cloak)
rCorr    .         Harm     .   (no gloves)
MR       .....                  (no boots)
Stlth    +.........             (no amulet)
HPRegen  0.09/turn              (no ring)
MPRegen  0.10/turn              (no ring)

@: no status effects
A: change form in water, swift swim, stealthy swim
a: no special abilities


You were on level 3 of the Dungeon.
You were not hungry.

You visited 1 branch of the dungeon, and saw 3 of its levels.

You collected 69 gold pieces.

Inventory:

Hand Weapons
 a - a +0 spear
 h - a +0 short sword of venom (weapon)
 j - a +6 club
Armour
 b - a +0 leather armour (worn)
Jewellery
 k - a cursed ring of teleportation {unknown}
Scrolls
 m - a scroll of immolation {unknown}
Potions
 e - 2 potions of might {unknown}
 f - a potion of agility {unknown}
 g - a potion of curing {unknown}
 i - a potion of haste {unknown}
Books
 c - a book of Battle

   Spells                             Type                      Level
   a - Infusion                       Charms                       1
   b - Shroud of Golubria             Charms/Translocation         2
   c - Song of Slaying                Charms                       2
   d - Spectral Weapon                Hexes/Charms                 3
   e - Regeneration                   Charms/Necromancy            3
Comestibles
 d - 5 rations
 l - 3 chunks of flesh


   Skills:
 - Level 2.5 Fighting
 - Level 4.0 Polearms
 - Level 0.6 Armour
 - Level 2.6 Dodging
 - Level 2.0 Spellcasting
 + Level 0.0 Hexes
 + Level 3.3 Charms
 - Level 1.7 Translocations


You couldn't memorise any spells.
You knew the following spells:

 Your Spells              Type           Power        Failure   Level  Hunger
a - Infusion              Chrm           ##..         9%          1    ##.....
t - Shroud of Golubria    Chrm/Tloc      #.........   19%         2    ###....
x - Spectral Weapon       Hex/Chrm       #.......     45%         3    ####...


Dungeon Overview and Level Annotations

Branches:
Dungeon (3/15)

Altars:


Message History

x - Spectral Weapon
Found 14 gold pieces.
Found a ration.
Found a scroll labeled YBRYS DALIH.
d - 5 rations (gained 1)
m - a scroll labeled YBRYS DALIH A frilled lizard comes into view.
Found a ration.
The frilled lizard hisses angrily.
You hear a shout! x2
An orc comes into view. It is wielding a club.
An orc priest comes into view.
The orc priest shouts!
You see here 14 gold pieces.
You now have 69 gold pieces (gained 14).
The orc priest mumbles some strange prayers to Beogh against you.
Beogh smites you!
* * * LOW HITPOINT WARNING * * *
The orc priest mumbles some strange prayers to Beogh against you.
Beogh smites you!
You die...

.#..........#........#.#######.
.......o......####.###.........
##...........## #..###...#####.
#...........# ##....).#)..# ..
............####....######.##.#
..................#.# ....#
..%.......o..###....# ##..#
............l.##..### #..#
..###.#####.#.@...# .# ...
#.###.>.# ^ ## #.# #$..# . #.#
#..## #.# ... #. .#.# .#.# .#..


You could see an orc priest, an orc and a frilled lizard.

Vanquished Creatures
  Jessica (D:3)
  A leopard gecko (D:1)
  2 bats
  A giant cockroach (D:1)
  4 goblins
  4 hobgoblins
  A frilled lizard (D:3)
  3 kobolds
17 creatures vanquished.

Notes
Turn   | Place    | Note
-------+----------+-------------------------------------------
     0 | D:1      | letownia2 the Merfolk Skald began the quest for the Orb.
     0 | D:1      | Reached XP level 1. HP: 16/16 MP: 3/3
   165 | D:1      | Reached skill level 4 in Polearms
   165 | D:1      | Reached XP level 2. HP: 12/22 MP: 0/5
   230 | D:1      | Learned a level 2 spell: Shroud of Golubria
   384 | D:3      | Noticed Jessica
   387 | D:3      | Killed Jessica
   387 | D:3      | Reached skill level 1 in Translocations
   387 | D:3      | Reached XP level 3. HP: 6/28 MP: 2/6
   452 | D:3      | Learned a level 3 spell: Spectral Weapon
   480 | D:3      | Killed from afar by an orc priest

Skill      XL: |  1  2 |
---------------+-------+-----
Polearms       | 4 |  4.0
Translocations | 1 |  1.7
Fighting       | |  2.5
Armour         | |  0.6
Dodging        | |  2.6
Spellcasting   | |  2.0
Charms         | |  3.3

Action                   || total
-------------------------++-------
Melee: Spear             ||    20
       Short sword       ||    26
 Cast: Infusion          ||     5
       Shroud of Golubri ||     3
 Stab: Sleeping          ||     1
Armor: Leather armour    ||     5
Dodge: Dodged            ||    18
